 Dungeon Crawl Stone Soup version 0.29-a0-559-g359e09b9d1 (webtiles) character file.

Game seed: 4381660168935409222

86 kae the Firebug (level 4, -1/25 HPs)
             Began as a Deep Elf Fire Elementalist on June 9, 2022.
             Slain by a worm (9 damage)
             ... on level 3 of the Dungeon.
             The game lasted 00:01:36 (2638 turns).

kae the Firebug (Deep Elf Fire Elementalist)        Turns: 2638, Time: 00:01:37

Health: -1/25      AC:  4    Str:  5    XL:     4   Next: 26%
Magic:  1/11       EV: 12    Int: 22    God:
Gold:   65         SH:  0    Dex: 15    Spells: 7/10 levels left

rFire   . . .      SeeInvis .   i - +0 whip
rCold   . . .      Faith    .   (no shield)
rNeg    . . .      Spirit   .   a - +0 robe
rPois   .          Reflect  .   h - +0 helmet
rElec   .          Harm     .   (no cloak)
rCorr   +          Rampage  .   l - +0 pair of gloves
Will    .....                   (no boots)
Stlth   ++........              (no amulet)
HPRegen 0.08/turn               e - ring of resist corrosion
MPRegen 0.12/turn               (no ring)

@: no status effects
A: no striking features
a: no special abilities


You were on level 3 of the Dungeon.
You visited 1 branch of the dungeon, and saw 3 of its levels.

You collected 65 gold pieces.

Inventory:

Hand Weapons
 i - a +0 whip (weapon)
Armour
 a - a +0 robe (worn)
 h - a +0 helmet (worn)
 l - a +0 pair of gloves (worn)
 s - the +0 ring mail "Dagaa" {+Blink}
   (You found it on level 2 of the Dungeon)

   +Blink:    It lets you blink.
Jewellery
 e - a ring of resist corrosion (left hand)
Scrolls
 p - a scroll of teleportation
 r - a scroll of silence
Potions
 b - 2 potions of magic
 c - a potion of heal wounds
 d - a potion of brilliance
 f - 2 potions of degeneration
 g - a potion of resistance {unknown}
 j - 2 potions of cancellation {unknown}
 k - a potion of mutation {unknown}
 n - a potion of curing {unknown}


   Skills:
 + Level 1.0 Fighting
 - Level 2.4 Dodging
 - Level 2.4 Stealth
 + Level 3.8 Spellcasting
 * Level 2.6 Conjurations
 * Level 4.2 Fire Magic


You had 7 spell levels left.
You knew the following spells:

 Your Spells              Type           Power      Damage    Failure   Level
a - Foxfire               Conj/Fire      76%        2x1d7     2%          1
b - Scorch                Fire           44%        2d7       3%          2

Your spell library contained the following spells:

 Spells                   Type           Power      Damage    Failure   Level
 Conjure Flame            Conj/Fire      19%        6-21      9%          3
 Sting                    Tmut/Pois      16%        1d3       12%         1
 Inner Flame              Hex/Fire       13%        N/A       14%         3
 Blink                    Tloc           8%         N/A       17%         2
 Poisonous Vapours        Pois/Air       8%         N/A       17%         2
 Flame Wave               Conj/Fire      19%        2d6       28%         4
 Olgreb's Toxic Radiance  Pois           4%         N/A       75%         4
 Manifold Assault         Tloc           4%         N/A       97%         5
 Storm Form               Tmut/Air       2%         N/A       100%        7


Dungeon Overview and Level Annotations

Branches:
Dungeon (3/15)

Altars:
The Shining One


Message History

You conjure some foxfire!
The foxfire hits the kobold.
You kill the kobold!
Your foxfire dissipates!
Your foxfire dissipates!
A frilled lizard comes into view.
Casting: Foxfire (safe; 2% risk of failure)
Confirm with . or Enter, or press ? or * to list all spells.
You conjure some foxfire!
The frilled lizard hisses angrily.
A worm comes into view.
Casting: Foxfire (safe; 2% risk of failure)
Confirm with . or Enter, or press ? or * to list all spells.
You conjure some foxfire!
The foxfire hits the worm.
The worm is moderately wounded.
The foxfire hits the worm.
The worm is moderately wounded.
The foxfire hits the worm but does no damage.
The worm is moderately wounded.
The foxfire hits the worm.
The worm is moderately wounded.
The worm bites you.
Casting: Foxfire (safe; 2% risk of failure)
Confirm with . or Enter, or press ? or * to list all spells.
You conjure some foxfire!
The foxfire hits the worm.
The worm is heavily wounded.
The foxfire hits the worm.
The worm is severely wounded.
The worm bites you!
Casting: Foxfire (safe; 2% risk of failure)
Confirm with . or Enter, or press ? or * to list all spells.
You conjure some foxfire!
The worm closely misses you.
The foxfire hits the frilled lizard.
You kill the frilled lizard!
The foxfire hits the worm.
The worm is almost dead.
Casting: Foxfire (safe; 2% risk of failure)
Confirm with . or Enter, or press ? or * to list all spells.
You conjure some foxfire!
The worm bites you!
You die...

#<...# # #)†#)#
#.####.# § #......#
.. # ####.### ...
....####..## §≈≈≈
...........# §≈≈≈≈
..##.....#v##..≈≈≈≈
....#....#@§......=
.....#..#wv###.....
#....###...# ###
#... #....# #..
#....# ..# ..#...#
....##.# .... ...


You could see a worm (ally target).

Vanquished Creatures
  3 adders
  3 worms (D:2)
  An orc (D:3)
  4 bats
  6 endoplasms
  2 giant cockroaches (D:1)
  2 goblins (D:1)
  5 hobgoblins
  6 jackals
  2 quokkas
  3 ball pythons
  A frilled lizard (D:3)
  3 kobolds
  6 rats
47 creatures vanquished.

Vanquished Creatures (others)
  167 foxfires
167 creatures vanquished.

Grand Total: 214 creatures vanquished

Notes
Turn   | Place    | Note
-------+----------+-------------------------------------------
     0 | D:1      | kae the Deep Elf Fire Elementalist began the quest for the
                  | Orb.
     0 | D:1      | Reached XP level 1. HP: 10/10 MP: 6/6
   485 | D:1      | Reached XP level 2. HP: 15/15 MP: 1/8
  1072 | D:1      | Found a faded altar of an unknown god.
  1356 | D:2      | Reached XP level 3. HP: 20/20 MP: 4/9
  1557 | D:2      | Found a glowing golden altar of the Shining One.
  1797 | D:2      | Learned a level 2 spell: Scorch
  1872 | D:2      | Reached skill level 4 in Fire Magic
  2280 | D:2      | Identified the +0 ring mail "Dagaa" {+Blink}
  2452 | D:3      | Reached skill level 1 in Fighting
  2452 | D:3      | Reached XP level 4. HP: 17/25 MP: 7/11
  2638 | D:3      | Slain by a worm

Illustrated notes

Levels and vault maps discovered:
D:1:      minmay_arrival_split_and_join, layout_loops_corners,
          basic_ecumenical_altar, serial_glass, glass_columns_b,
          glass_columns_a, glass_columns_b, glass_columns_c, glass_columns_b,
          glass_columns_b
D:2:      layout_loops_ring, basic_altar, chequers_serial_rivers_marsh,
          nicolae_elevator_lobby_plus
D:3:      layout_basic, grunt_dithmenos_smoke_and_mirrors, minmay_misc_feat_chi,
          serial_park_tiny_pond, kennysheep_generic_room_16

Skill      XL: |  1  2  3 |
---------------+----------+-----
Conjurations   | 2 |  2.6
Fire Magic     | 4 |  4.2
Fighting       | 1 |  1.0
Dodging        | |  2.4
Stealth        | |  2.4
Spellcasting   | |  3.8

Action                   |  1- 3 |  4- 6 || total
-------------------------+-------+-------++-------
Melee: Whip              |     1 |       ||     1
 Cast: Foxfire           |    93 |    15 ||   108
       Scorch            |     1 |     5 ||     6
  Use: Scroll            |     8 |       ||     8
Armor: Robe              |     3 |     6 ||     9
Dodge: Dodged            |     6 |    10 ||    16

Table legend: (Time is in decaauts)
 A = Elapsed time spent in this place.
 B = Non-inter-level travel time spent in this place.
 C = Inter-level travel time spent in this place.
 D = Time resting spent in this place.
 E = Time spent auto-exploring this place.
 F = Levels seen in this place.
 G = Mean time per level.
                   A        B        C        D        E       F      G
               +--------+--------+--------+--------+--------+-----+--------+
         Total |   2640 |   2545 |     95 |    192 |   1958 |   3 |  880.0 |
       Dungeon |   2640 |   2545 |     95 |    192 |   1958 |   3 |  880.0 |
               +--------+--------+--------+--------+--------+-----+--------+

Top non-repeatable levels by time:
     D:1: 1248 daAuts
     D:2: 1239 daAuts
     D:3: 152 daAuts
